 Dungeon Crawl Stone Soup version 0.31-a0-182-gc5ef74bbde (webtiles) character file.

Game seed: 10768544191140785864

5748 qw the Cleaver (level 10, -1/70 HPs)
             Began as a Gargoyle Fighter on June 20, 2023.
             Was a Follower of Okawaru.
             Slain by a wight
             ... wielding a +3 mace of freezing
              (12 damage)
             ... on level 9 of the Dungeon.
             The game lasted 00:03:27 (7378 turns).

qw the Cleaver (Gargoyle Fighter)                   Turns: 7378, Time: 00:03:28

Health: -1/70      AC: 22    Str: 25    XL:     10   Next: 77%
Magic:  13/13      EV:  9    Int:  8    God:    Okawaru [*.....]
Gold:   405        SH:  6    Dex:  9    Spells: 9/9 levels left

rFire   + . .        s - +3 war axe (vamp)
rCold   . . .        c - +0 buckler
rNeg    + . .        n - +0 plate armour
rPois   inf          o - +0 helmet
rElec   +            a - +1 cloak of the Modern Shrikes {+Blink rF+}
rCorr   .            f - +0 pair of gloves
SInv    .            z - +0 pair of boots
Will    .....        (no amulet) Stlth
                     h - +4 ring of slaying {mikee}
HPRegen 0.31/turn    (no ring)
MPRegen 0.13/turn

%: no passive effects
@: heroic, corroded
A: sickness immunity, AC +7, negative energy resistance 1, electricity
resistance, torment resistance 1, petrification resistance, robust 1, wild magic
1
a: Renounce Religion, Evoke Blink, Heroism


You were on level 9 of the Dungeon.
You worshipped Okawaru.
Okawaru was aware of your devotion.
You visited 2 branches of the dungeon, and saw 10 of its levels.
You also visited: Sewer.

You collected 405 gold pieces.


Innate Abilities, Weirdness & Mutations

You are immune to sickness and miasma.
Your stone body is resilient. (AC +7)
You are immune to poison.
You resist negative energy. (rN+)
You are resistant to electric shocks. (rElec)
You are resistant to unholy torment.
You are immune to petrification.
You are robust. (+10% HP)
Your spells are a little harder to cast, but a little more powerful.


   Skills:
 - Level 8.0(13.0) Fighting
 + Level 10.4(15.4) Axes
 - Level 2.1(7.1) Throwing
 - Level 8.0(13.0) Armour
 - Level 1.1(6.1) Dodging
 - Level 5.0(10.0) Shields
 - Level 4.1 Invocations


You had 9 spell levels left.
You didn't know any spells.
Your spell library was empty.

Inventory:

Hand Weapons
 b - a +0 morningstar
 p - a +1 war axe
 s - a +3 vampiric war axe (weapon)
Missiles
 j - 4 silver boomerangs (quivered)
 t - 9 boomerangs
Armour
 a - the +1 cloak of the Modern Shrikes (worn) {+Blink rF+}
   (You acquired it on level 2 of the Dungeon)

   rF:        It protects you from fire.
   +Blink:    It lets you blink.
 c - a +0 buckler (worn)
 f - a +0 pair of gloves (worn)
 k - +0 acid dragon scales
 n - a +0 plate armour (worn)
 o - a +0 helmet (worn)
 z - a +0 pair of boots (worn)
Jewellery
 h - a +4 ring of slaying (left hand) {mikee}
 v - a ring of fire
Wands
 y - a wand of digging (7)
Scrolls
 r - 2 scrolls of identify
Potions
 d - 3 potions of might
 e - a potion of haste
 g - a potion of magic
 i - a potion of attraction
 l - 3 potions of lignification
 m - 2 potions of curing
 q - a potion of mutation
 u - a potion of enlightenment
 w - a potion of brilliance {unknown}
 x - a potion of heal wounds {unknown}

Dungeon Overview and Level Annotations

Branches:
Dungeon (9/15)             Temple (1/1) D:7            Lair (0/5) D:9
  Sewer (visited)
    Orc: D:9-12

Altars:
Ashenzari
Cheibriados
Dithmenos
Elyvilon
Fedhas
Gozag
Hepliaklqana
Kikubaaqudgha
Makhleb
Nemelex Xobeh
Okawaru
Qazlal
Sif Muna
Trog
Uskayaw
Vehumet
Wu Jian
Xom
Yredelemnul
Zin
The Shining One

Annotations:
D:4 1 runed translucent door, qw's ghost, amateur NaHu


Message History

The orc warrior wields a +0 flail.
The orc warrior closely misses you. You block the killer bee's attack.
The killer bee stings you but does no damage.
The killer bee stings you.
You barely miss the killer bee.
The killer bee is severely wounded.
You barely miss the orc warrior.
You hit the killer bee but do no damage.
You slash the killer bee!
You feel better.
You kill the killer bee!
Okawaru accepts your kill.
You slash the wight!
The killer bee stings you but does no damage. x2
The oklob plant spits acid at you. You block the splash of acid.
The wight hits you but does no damage. The orc warrior barely misses you.
The killer bee stings you but does no damage. x2
You hit the wight but do no damage.
The wight is severely damaged.
You barely miss the killer bee.
You hit the killer bee but do no damage.
You hit the orc warrior but do no damage.
The killer bee stings you but does no damage.
You block the killer bee's attack. The wight completely misses you.
You closely miss the wight.
The wight is severely damaged.
You hit the killer bee.
You feel better.
You slash the killer bee!
You kill the killer bee!
Okawaru accepts your kill.
You barely miss the wight. You closely miss the orc warrior.
You slash the wight! The killer bee barely misses you.
You block the orc warrior's attack.
You hit the wight but do no damage.
The wight is severely damaged.
You hit the wight but do no damage. You miss the killer bee. You hit the wight.
You hit the orc warrior. The killer bee barely misses you.
The wight hits you but does no damage. The wight barely misses you.
The wight hits you with a +3 mace of freezing!
You die...

..........[P...
[........>..P...
........P.......
........z.P.....
.......P..P.....
.........P......
......zz).......
......y@z.......
##......o.......
#####..........
#### #.#######..
##..#### #.# ..
###......## #.##
... #.........#
#..# #...
##.........# #..#
#...
#..........###..#
###..# .


You could see an oklob plant, an orc warrior, a killer bee and 4 wights.

Vanquished Creatures
  A two-headed ogre (D:8)
  Sigmund (D:5)
  3 steam dragons (D:8)
  Menkaure (D:5)
  2 wargs (D:9)
  An acid dragon (D:9)
  A water moccasin (D:6)
  Pargi (Sewer)
  A floating eye (D:9)
  3 orc warriors
  Duvessa (D:7)
  3 ice beasts
  2 ogres
  A phantom (D:4)
  A centaur (D:9)
  Blork the orc (D:4)
  4 bullfrogs
  2 kobold brigands
  A scorpion (D:4)
  Dowan (D:7)
  12 wights
  3 killer bees (D:9)
  5 howler monkeys
  A jelly (D:7)
  7 hounds
  10 orc priests
  7 iguanas
  4 sleepcaps (D:4)
  Natasha (twice) (D:4)
  9 orc wizards
  7 gnolls
  8 adders
  A white imp (D:6)
  An ufetubus (D:5)
  2 worms
  3 dart slugs
  32 orcs
  5 ball pythons
  7 endoplasms
  2 giant cockroaches
  2 goblins
  4 hobgoblins
  8 jackals
  4 quokkas
  3 bats
  3 frilled lizards
  21 kobolds
  5 rats
210 creatures vanquished.

Notes
Turn   | Place    | Note
-------+----------+-------------------------------------------
     0 | D:1      | qw the Gargoyle Fighter began the quest for the Orb.
     0 | D:1      | Reached XP level 1. HP: 14/14 MP: 1/1
     0 | D:1      | 0 ||| qw: Version: 0.3-a-9-g12657ce
     0 | D:1      | 0 ||| qw: Game counter: 1372
     0 | D:1      | 0 ||| qw: Always use a shield: true
     0 | D:1      | 0 ||| qw: God list: Okawaru
     0 | D:1      | 0 ||| qw: Allow faded altars: false
     0 | D:1      | 0 ||| qw: Do Orc after D:15 true
     0 | D:1      | 0 ||| qw: Do second Lair branch before Depths: true
     0 | D:1      | 0 ||| qw: Lair rune preference: random
     0 | D:1      | 0 ||| qw: Plans: Normal, Zot:1-4, Slime:5, God:TSO, Crypt,
                  | Tomb, Abyss, Pan, Hells, Win
     0 | D:1      | 0 ||| PLANNING D:1-11
    83 | D:1      | Reached skill level 2 in Axes
   183 | D:1      | Reached XP level 2. HP: 17/19 MP: 2/2
   603 | D:1      | 603 ||| Stepping ~*~*~tactically~*~*~ (hiding).
   759 | D:1      | 759 ||| DROPPING +6 ring of intelligence.
   760 | D:1      | 760 ||| READING scroll labelled NALOG LEAWEMI YRUE.
   794 | D:2      | 794 ||| Stepping ~*~*~tactically~*~*~ (hiding).
   854 | D:2      | Reached skill level 3 in Axes
   885 | D:2      | Reached XP level 3. HP: 22/23 MP: 3/3
   923 | D:2      | 923 ||| Stepping ~*~*~tactically~*~*~ (hiding).
   928 | D:2      | 928 ||| FLEEEEING.
   929 | D:2      | 929 ||| FLEEEEING.
   930 | D:2      | 930 ||| FLEEEEING.
   931 | D:2      | 931 ||| FLEEEEING.
   932 | D:2      | 932 ||| FLEEEEING.
   933 | D:2      | 933 ||| FLEEEEING.
   941 | D:2      | Reached XP level 4. HP: 20/28 MP: 4/4
  1012 | D:2      | 1012 ||| DROPPING +0 club.
  1121 | D:2      | 1121 ||| Stepping ~*~*~tactically~*~*~ (hiding).
  1235 | D:2      | 1235 ||| Stepping ~*~*~tactically~*~*~ (stealth).
  1236 | D:2      | 1236 ||| Stepping ~*~*~tactically~*~*~ (stealth).
  1237 | D:2      | 1237 ||| Stepping ~*~*~tactically~*~*~ (stealth).
  1243 | D:2      | Reached skill level 4 in Axes
  1619 | D:2      | 1619 ||| UPGRADING to +0 chain mail.
  1629 | D:2      | 1629 ||| DROPPING +0 scale mail.
  1630 | D:2      | 1630 ||| UPGRADING to +0 plate armour.
  1640 | D:2      | 1640 ||| DROPPING +0 chain mail.
  1641 | D:2      | 1641 ||| READING scroll labelled MUECAE REICI.
  1642 | D:2      | 1642 ||| READING scroll labelled PUCISEHAUD.
  1645 | D:2      | 1645 ||| READING scroll labelled NOEDUK DUDEU.
  1646 | D:2      | 1646 ||| READING scroll labelled LUOMPEK QAUHO.
  1647 | D:2      | 1647 ||| READING scroll labelled SURUEL JANIFEAREGO.
  1648 | D:2      | 1648 ||| READING scroll labelled CAITWANTAN.
  1648 | D:2      | Identified a scroll of acquirement
  1648 | D:2      | 1648 ||| ACQUIRING +1 cloak of the Modern Shrikes {+Blink
                  | rF+}
  1648 | D:2      | Acquired the +1 cloak of the Modern Shrikes {+Blink rF+}
  1650 | D:2      | 1650 ||| UPGRADING to +1 cloak of the Modern Shrikes
                  | {+Blink rF+}.
  1655 | D:2      | 1655 ||| DRINKING 2 smoky coppery potions.
  1670 | D:3      | 1670 ||| PLANNING SEWER
  1691 | D:3      | 1691 ||| Stepping ~*~*~tactically~*~*~ (hiding).
  1692 | D:3      | 1692 ||| Stepping ~*~*~tactically~*~*~ (hiding).
  1855 | D:3      | 1855 ||| Stepping ~*~*~tactically~*~*~ (stealth).
  1866 | D:3      | Reached XP level 5. HP: 30/32 MP: 5/5
  2044 | D:3      | 2044 ||| Stepping ~*~*~tactically~*~*~ (stealth).
  2048 | D:3      | 2048 ||| Stepping ~*~*~tactically~*~*~ (stealth).
  2051 | D:3      | 2051 ||| Stepping ~*~*~tactically~*~*~ (stealth).
  2073 | D:3      | 2073 ||| Stepping ~*~*~tactically~*~*~ (stealth).
  2303 | D:3      | Found a glowing drain.
  2304 | D:3      | 2304 ||| UPGRADING to +0 helmet.
  2309 | D:3      | 2309 ||| READING scroll labelled NIRUWE ZAMETH.
  2333 | D:3      | 2333 ||| READING scroll labelled TUIRAU EDAOMYU.
  2334 | D:3      | 2334 ||| DRINKING 2 fuming golden potions.
  2335 | D:3      | 2335 ||| DRINKING 2 coppery potions.
  2336 | D:3      | 2336 ||| DRINKING 2 sedimented dark potions.
  2337 | D:3      | 2337 ||| DRINKING 3 potions of curing.
  2337 | D:3      | 2337 ||| (to cure confusion)
  2338 | D:3      | 2338 ||| DROPPING potion of ambrosia.
  2347 | Sewer    | Entered a sewer
  2358 | Sewer    | Noticed Pargi
  2369 | Sewer    | Killed Pargi
  2370 | Sewer    | Reached skill level 5 in Axes
  2370 | Sewer    | Reached XP level 6. HP: 19/37 MP: 6/6
  2464 | Sewer    | 2464 ||| SWAPPING to +0 heavy war axe.
  2553 | D:3      | 2553 ||| PLANNING D:1-11
  2780 | D:4      | 2780 ||| STAIRDANCE
  2784 | D:3      | Reached skill level 1 in Throwing
  2873 | D:4      | Noticed qw's ghost (amateur NaHu)
  2876 | D:4      | Found a runed translucent door.
  2910 | D:4      | Noticed Natasha
  2914 | D:4      | Killed Natasha
  3015 | D:4      | Noticed Blork the orc
  3020 | D:4      | HP: 9/38 [Blork the orc/+4 halberd of venom (2)]
  3025 | D:4      | Killed Blork the orc
  3026 | D:4      | Reached skill level 6 in Axes
  3026 | D:4      | Reached XP level 7. HP: 7/43 MP: 7/7
  3614 | D:4      | Noticed Natasha
  3619 | D:4      | Killed Natasha
  3628 | D:4      | Reached skill level 7 in Axes
  3779 | D:4      | 3779 ||| UPGRADING to +0 pair of gloves.
  3784 | D:4      | 3784 ||| DROPPING scarf of shadows.
  3785 | D:4      | 3785 ||| DROPPING +2 hat.
  3786 | D:4      | 3786 ||| READING scroll labelled DIDWURCHUMA.
  3887 | D:4      | 3887 ||| READING scroll labelled AMIAMU BYSENE.
  3906 | D:5      | Entered Level 5 of the Dungeon
  3913 | D:5      | 3913 ||| DROPPING +0 flail.
  3917 | D:5      | Identified the +7 spear of a bailey {spect, *Slow rC+
                  | Str+4}
  3982 | D:5      | Reached XP level 8. HP: 49/49 MP: 8/8
  3989 | D:5      | Reached skill level 1 in Dodging
  4021 | D:5      | 4021 ||| Stepping ~*~*~tactically~*~*~ (stealth).
  4033 | D:5      | Noticed Menkaure
  4044 | D:5      | HP: 5/49 [Menkaure (17)]
  4047 | D:5      | Killed Menkaure
  4210 | D:5      | Noticed Sigmund
  4243 | D:5      | Killed Sigmund
  4599 | D:5      | 4599 ||| READING scroll of enchant weapon.
  4599 | D:5      | 4599 ||| ENCHANTING +0 vampiric war axe.
  4646 | D:5      | Reached skill level 8 in Axes
  4986 | D:5      | 4986 ||| DROPPING orb of light.
  4987 | D:5      | 4987 ||| UPGRADING to +4 ring of slaying {mikee}.
  4988 | D:5      | 4988 ||| READING scroll labelled VANTAE COMO.
  4989 | D:5      | 4989 ||| READING scroll labelled XIVUCESYEJ.
  5002 | D:6      | 5002 ||| Stepping ~*~*~tactically~*~*~ (hiding).
  5003 | D:6      | 5003 ||| Stepping ~*~*~tactically~*~*~ (hiding).
  5010 | D:6      | 5010 ||| DRINKING 2 potions of curing.
  5010 | D:6      | 5010 ||| (to cure confusion)
  5019 | D:6      | Reached skill level 6 in Fighting
  5023 | D:6      | Reached XP level 9. HP: 53/55 MP: 9/9
  5136 | D:6      | 5136 ||| READING scroll of enchant weapon.
  5136 | D:6      | 5136 ||| ENCHANTING +1 vampiric war axe.
  5236 | D:6      | 5236 ||| READING scroll of enchant weapon.
  5236 | D:6      | 5236 ||| ENCHANTING +2 vampiric war axe.
  5265 | D:6      | Reached skill level 9 in Axes
  5335 | D:6      | 5335 ||| Stepping ~*~*~tactically~*~*~ (stealth).
  5337 | D:6      | 5337 ||| Stepping ~*~*~tactically~*~*~ (stealth).
  5339 | D:6      | 5339 ||| Stepping ~*~*~tactically~*~*~ (hiding).
  5349 | D:6      | Reached skill level 6 in Armour
  5537 | D:6      | 5537 ||| DRINKING 2 bubbling brown potions.
  5537 | D:6      | Gained mutation: You possess an exceptional clarity of
                  | mind. [potion of mutation]
  5537 | D:6      | Gained mutation: Your spells are a little harder to cast,
                  | but a little more powerful. [potion of mutation]
  5537 | D:6      | Lost mutation: You possess an exceptional clarity of mind.
                  | [potion of mutation]
  5537 | D:6      | Gained mutation: You are robust. (+10% HP) [potion of
                  | mutation]
  5583 | D:7      | 5583 ||| Stepping ~*~*~tactically~*~*~ (hiding).
  5585 | D:7      | 5585 ||| Stepping ~*~*~tactically~*~*~ (hiding).
  5587 | D:7      | 5587 ||| Stepping ~*~*~tactically~*~*~ (hiding).
  5608 | D:7      | Noticed Dowan
  5613 | D:7      | Killed Dowan
  5614 | D:7      | Noticed Duvessa
  5625 | D:7      | Killed Duvessa
  5645 | D:7      | 5645 ||| FLEEEEING.
  5734 | D:7      | 5734 ||| Stepping ~*~*~tactically~*~*~ (stealth).
  5808 | D:7      | 5808 ||| Stepping ~*~*~tactically~*~*~ (stealth).
  5810 | D:7      | 5810 ||| Stepping ~*~*~tactically~*~*~ (hiding).
  5811 | D:7      | 5811 ||| Stepping ~*~*~tactically~*~*~ (hiding).
  5851 | D:7      | 5851 ||| Stepping ~*~*~tactically~*~*~ (stealth).
  5987 | D:7      | 5987 ||| Stepping ~*~*~tactically~*~*~ (stealth).
  6023 | D:7      | Found a staircase to the Ecumenical Temple.
  6024 | D:7      | 6024 ||| PLANNING TEMPLE
  6041 | D:7      | 6041 ||| DRINKING 2 fuming silvery potions.
  6045 | Temple   | Entered the Ecumenical Temple
  6046 | Temple   | 6046 ||| PLANNING OKAWARU WORSHIP
  6053 | Temple   | Became a worshipper of Warmaster Okawaru
  6054 | Temple   | 6054 ||| PLANNING D:1-11
  6269 | D:7      | 6269 ||| DRINKING 2 metallic dark potions.
  6326 | D:8      | Noticed a two-headed ogre
  6331 | D:8      | Reached skill level 10 in Axes
  6335 | D:8      | Killed a two-headed ogre
  6335 | D:8      | Reached * piety under Okawaru
  6336 | D:8      | Reached XP level 10. HP: 61/69 MP: 10/10
  6340 | D:8      | 6340 ||| FLEEEEING.
  6341 | D:8      | 6341 ||| INVOKING Heroism.
  6364 | D:8      | Identified the +1 spear "Ugges" {venom, rElec rF- Int+2
                  | SInv}
  6396 | D:8      | Reached skill level 1 in Invocations
  6502 | D:8      | 6502 ||| INVOKING Heroism.
  6538 | D:8      | 6538 ||| Stepping ~*~*~tactically~*~*~ (hiding).
  6539 | D:8      | 6539 ||| Stepping ~*~*~tactically~*~*~ (hiding).
  6540 | D:8      | 6540 ||| Stepping ~*~*~tactically~*~*~ (hiding).
  6667 | D:8      | Found a blossoming altar of Fedhas.
  6686 | D:8      | 6686 ||| Stepping ~*~*~tactically~*~*~ (hiding).
  6691 | D:8      | 6691 ||| Stepping ~*~*~tactically~*~*~ (hiding).
  6734 | D:8      | Found a glowing silver altar of Zin.
  6863 | D:8      | 6863 ||| UPGRADING to +0 pair of boots.
  6868 | D:8      | 6868 ||| READING 3 scrolls of identify.
  6868 | D:8      | 6868 ||| IDENTIFYING amethyst potion
  6869 | D:8      | 6869 ||| READING 2 scrolls of identify.
  6869 | D:8      | 6869 ||| IDENTIFYING cyan potion
  6870 | D:8      | 6870 ||| DROPPING potion of berserk rage.
  6896 | D:9      | Found a hide-covered altar of Uskayaw.
  6929 | D:9      | 6929 ||| Stepping ~*~*~tactically~*~*~ (hiding).
  6932 | D:9      | 6932 ||| INVOKING Heroism.
  6936 | D:9      | Reached skill level 3 in Invocations
  6995 | D:9      | 6995 ||| INVOKING Heroism.
  7044 | D:9      | 7044 ||| Stepping ~*~*~tactically~*~*~ (hiding).
  7053 | D:9      | 7053 ||| INVOKING Heroism.
  7054 | D:9      | 7054 ||| DRINKING 3 potions of curing.
  7054 | D:9      | 7054 ||| (to cure confusion)
  7078 | D:9      | Found a staircase to the Lair.
  7093 | D:9      | 7093 ||| Stepping ~*~*~tactically~*~*~ (stealth).
  7096 | D:9      | 7096 ||| Stepping ~*~*~tactically~*~*~ (stealth).
  7098 | D:9      | 7098 ||| Stepping ~*~*~tactically~*~*~ (hiding).
  7101 | D:9      | Found a shimmering altar of Xom.
  7133 | D:9      | 7133 ||| Stepping ~*~*~tactically~*~*~ (hiding).
  7139 | D:9      | 7139 ||| INVOKING Heroism.
  7220 | D:9      | 7220 ||| Stepping ~*~*~tactically~*~*~ (hiding).
  7223 | D:9      | 7223 ||| Stepping ~*~*~tactically~*~*~ (hiding).
  7358 | D:9      | Noticed an oklob plant
  7359 | D:9      | 7359 ||| INVOKING Heroism.
  7364 | D:9      | Paralysed by a floating eye for 3 turns
  7368 | D:9      | HP: 14/70 [killer bee (5)]
  7371 | D:9      | HP: 6/70 [killer bee (2)]
  7374 | D:9      | HP: 1/70 [killer bee (5)]
  7378 | D:9      | Slain by a wight

Levels and vault maps discovered:
D:1:      ebering_trefoil_twist, layout_basic
D:2:      layout_basic
D:3:      layout_basic, portal_sewer_entry_d, st_stairs_7
D:4:      layout_cave_pods, hellmonk_ghost_happy_afterlife, dk_noncrumbling_2,
          hellmonk_no_cap, uniq_blork_the_orc, uniq_natasha
D:5:      layout_cave_pods, dreamdust_mushroom_princess,
          mumra_transporter_accident, uniq_sigmund, uniq_menkaure
D:6:      layout_cave_pools, kennysheep_generic_room_14
D:7:      layout_rooms, minmay_temple_entry_fiery,
          chequers_serial_rivers_room_a, hangedman_abyss_or_decor_slice,
          uniq_duvessa
D:8:      layout_cave_pools, zin_scriptorium, fedhas_altar_3
D:9:      layout_cave_pods, mainiacjoe_overflow_small_starburst,
          lemuel_crystal_altar, erik_lair_orcish_takeover, disabler_island
Temple:   sentei_temple_godly_chess

Skill      XL: |  1  2  3  4  5  6  7  8  9 10 |
---------------+-------------------------------+-----
Axes           | 2 3 4 5 6 7 8 10 | 10.4
Throwing       | 1 2 |  2.1
Fighting       | 4 5 6 7 8 |  8.0
Armour         | 4 5 7 8 |  8.0
Dodging        | 1 |  1.1
Shields        | 4 5 |  5.0
Invocations    | 4 |  4.1

Action                     |  1- 3 |  4- 6 |  7- 9 | 10-12 || total
---------------------------+-------+-------+-------+-------++-------
  Melee: War axe           |    49 |   104 |   216 |    98 ||   467
  Throw: Boomerang         |    22 |    42 |    77 |    19 ||   160
 Invoke: Heroism           |       |       |       |     7 ||     7
    Use: Scroll            |     1 |     8 |     7 |     2 ||    18
         Potion            |       |     5 |     4 |     1 ||    10
 Armour: Scale mail        |    19 |     8 |       |       ||    27
         Plate armour      |       |    71 |   167 |    72 ||   310
  Dodge: Dodged            |    16 |    56 |    74 |    48 ||   194
  Block: Buckler           |     7 |    23 |    48 |    29 ||   107

Table legend:
 A = Non-vault XP
 B = Vault XP
 C = Vault XP percentage of total XP
 D = Non-vault monster count
 E = Vault monster count
 F = Vault count percentage of total count
                 A         B        C        D         E       F
            +---------+---------+-------+---------+---------+-------
      Total |    6338 |    1874 |  22.8 |     178 |      32 |  15.2
            +---------+---------+-------+---------+---------+-------
        D:1 |      22 |       0 |   0.0 |      13 |       0 |   0.0
        D:2 |      92 |       0 |   0.0 |      21 |       0 |   0.0
        D:3 |     107 |      28 |  20.7 |      19 |       3 |  13.6
        D:4 |     413 |     321 |  43.7 |      14 |       7 |  33.3
        D:5 |     581 |     388 |  40.0 |      24 |       2 |   7.7
        D:6 |     643 |     184 |  22.2 |      21 |       2 |   8.7
        D:7 |    1208 |     210 |  14.8 |      29 |       2 |   6.5
        D:8 |    2003 |       0 |   0.0 |      14 |       0 |   0.0
        D:9 |    1269 |     592 |  31.8 |      23 |       8 |  25.8
      Sewer |       0 |     151 | 100.0 |       0 |       8 | 100.0
            +---------+---------+-------+---------+---------+-------
